 Dungeon Crawl Stone Soup version 0.29.0-4-gdea44cf6ec (webtiles) character file.

Game seed: 13018889262377930388

112 qw the Chopper (level 4, -4/26 HPs)
             Began as a Tengu Warper on Aug 28, 2022.
             Was an Initiate of Okawaru.
             Slain by an orc warrior
             ... wielding a +0 battleaxe
              (14 damage)
             ... on level 3 of the Dungeon.
             The game lasted 00:00:17 (2921 turns).

qw the Chopper (Tengu Warper)                       Turns: 2921, Time: 00:00:18

Health: -4/26      AC: 12    Str: 13    XL:     4   Next: 95%
Magic:  8/8        EV:  3    Int: 13    God:    Okawaru [......]
Gold:   14         SH:  0    Dex: 14    Spells: 7/7 levels left

rFire   . . .      SeeInvis .   Y - +0 war axe
rCold   . . .      Faith    .   (no shield)
rNeg    . . .      Spirit   .   g - +0 plate armour
rPois   .          Reflect  .   (helmet restricted)
rElec   .          Harm     .   (no cloak)
rCorr   .          Rampage  .   b - +1 pair of gloves
Will    .....                   (boots unavailable)
Stlth   ..........              (no amulet)
HPRegen 0.08/turn               (no ring)
MPRegen 0.11/turn               (no ring)

@: no status effects
A: beak, talons 3
a: Renounce Religion


You were on level 3 of the Dungeon.
You worshipped Okawaru.
Okawaru was noncommittal.
You visited 1 branch of the dungeon, and saw 4 of its levels.

You collected 124 gold pieces.
You spent 110 gold pieces at shops.


Innate Abilities, Weirdness & Mutations

You have a beak for a mouth.
You have claws for feet.


   Skills:
 - Level 2.0 Fighting
 + Level 5.1 Axes
 - Level 1.0 Throwing
 - Level 2.0 Armour
 - Level 2.1 Dodging
 - Level 2.0 Spellcasting
 - Level 2.4 Translocations


You had 7 spell levels left.
You didn't know any spells.
Your spell library contained the following spells:

 Spells                   Type           Power      Damage    Failure   Level
 Blink                    Tloc           14%        N/A       100%        2
 Gell's Gravitas          Tloc           7%         N/A       100%        3
 Lesser Beckoning         Tloc           7%         N/A       100%        3
 Teleport Other           Tloc           7%         N/A       100%        3
 Manifold Assault         Tloc           7%         N/A       100%        5

Inventory:

Hand Weapons
 f - a +0 whip
 Y - a +0 war axe (weapon)
Armour
 b - a +1 pair of gloves (worn)
 g - a +0 plate armour (worn)
Scrolls
 a - 2 scrolls of teleportation
 c - a scroll of identify
Potions
 d - 3 potions of heal wounds
 j - a potion of brilliance {unknown}

Dungeon Overview and Level Annotations

Branches:
Dungeon (4/15)
 Temple: D:4-7

Altars:
Okawaru
Trog

Shops:
D:3 !


Message History

2901 ||| READING 2 scrolls of identify.
As you read the scroll of identify, it crumbles to dust.
h - a potion of attraction;
2901 ||| IDENTIFYING silvery potion Done exploring.
2902 ||| DROPPING potion of attraction.
You drop a potion of attraction.
Done exploring.
(D) Dungeon
Where to? (* - list waypoints, Enter - D:3 @ (x,y), ? - help)
What level of the Dungeon? (default 1, ? - help)
There is a stone staircase leading down here.
You climb downwards.
The orc warrior shouts!
You hear a shout!
Found a robe and a scroll of noise.
There is a stone staircase leading up here.
There are monsters nearby!
Existing waypoints: (1) D:2 (2) D:3 Assign waypoint to what number? (0-9, D - delete waypoint) Waypoint 1 re-assigned from D:2 to D:4.
Enter note:
2917 ||| STAIRDANCE The orc warrior barely misses you.
You climb upwards.
There is a stone staircase leading down here.
You hit the orc warrior.
You claw the orc warrior, but do no damage.
Your peck misses the orc warrior.
The orc warrior is lightly wounded.
The orc warrior hits you with a +0 battleaxe!
Ouch! That really hurt!
You hit the orc warrior. Your kick misses the orc warrior.
Your peck misses the orc warrior.
The orc warrior is moderately wounded.
The orc warrior barely misses you.
You hit the orc warrior but do no damage.
Your kick misses the orc warrior.
The orc warrior is moderately wounded.
The orc warrior hits you with a +0 battleaxe!
Ouch! That really hurt!
You die...

###.'''''..# #......^#
#.''_''..# #..######
#.'''''..# #..#
###.'''''#.# #..#
.........#.# #..#
###.##..##.# #..#
###........# #..#
......####.# #..####
###.#.# #.# #@o...#
#.#.# #.## ##.##.#
#.#.# #..# #.##.#
#.#.####..#####.##.#
#...............##.#
###...####..########.#
............# #.#
##.....####.# #.#
##..........# ##.#


You could see an orc warrior.

Vanquished Creatures
  Ijyb (D:3)
  2 adders
  3 worms
  2 dart slugs
  6 endoplasms
  5 giant cockroaches
  6 goblins
  5 hobgoblins
  A quokka (D:1)
  7 ball pythons
  5 bats
  A frilled lizard (D:2)
  4 kobolds
  8 rats
56 creatures vanquished.

Notes
Turn   | Place    | Note
-------+----------+-------------------------------------------
     0 | D:1      | qw the Tengu Warper began the quest for the Orb.
     0 | D:1      | Reached XP level 1. HP: 12/12 MP: 4/4
     0 | D:1      | 0 ||| qw: Version: 0.1-a-89-g26bdef1
     0 | D:1      | 0 ||| qw: Game counter: 1863
     0 | D:1      | 0 ||| qw: Always use a shield: true
     0 | D:1      | 0 ||| qw: God list: Okawaru
     0 | D:1      | 0 ||| qw: Allow faded altars: false
     0 | D:1      | 0 ||| qw: Do Orc after D:15 true
     0 | D:1      | 0 ||| qw: Do second Lair branch before Depths: true
     0 | D:1      | 0 ||| qw: Lair rune preference: random
     0 | D:1      | 0 ||| qw: Plans: Normal
     0 | D:1      | 0 ||| PLANNING D:1-11
   146 | D:1      | 146 ||| Stepping ~*~*~tactically~*~*~ (hiding).
   156 | D:1      | Reached XP level 2. HP: 14/17 MP: 6/6
   167 | D:1      | Reached skill level 3 in Axes
   395 | D:1      | 395 ||| Stepping ~*~*~tactically~*~*~ (stealth).
   477 | D:1      | You fall into a shaft and drop 1 floor!
   490 | D:2      | 490 ||| Stepping ~*~*~tactically~*~*~ (stealth).
   569 | D:2      | HP: 4/17 [poisoned by an adder]
   570 | D:2      | HP: 1/17 [poisoned by an adder]
   572 | D:2      | Reached XP level 3. HP: 2/21 MP: 7/7
   599 | D:2      | 599 ||| Stepping ~*~*~tactically~*~*~ (stealth).
   746 | D:2      | 746 ||| Stepping ~*~*~tactically~*~*~ (stealth).
   748 | D:2      | 748 ||| Stepping ~*~*~tactically~*~*~ (stealth).
   749 | D:2      | 749 ||| Stepping ~*~*~tactically~*~*~ (stealth).
   751 | D:2      | 751 ||| Stepping ~*~*~tactically~*~*~ (stealth).
   756 | D:2      | 756 ||| Stepping ~*~*~tactically~*~*~ (stealth).
   939 | D:2      | Reached skill level 4 in Axes
  1076 | D:2      | 1076 ||| UPGRADING to +0 plate armour.
  1086 | D:2      | 1086 ||| DROPPING +0 leather armour.
  1087 | D:2      | 1087 ||| READING 2 scrolls labelled ECWURPHEDOTT.
  1090 | D:2      | 1090 ||| READING scroll labelled ANEDEC NEACUOP.
  1095 | D:2      | 1095 ||| READING scroll labelled PACOUPSIODGH.
  1096 | D:2      | 1096 ||| DRINKING 2 yellow potions.
  1097 | D:2      | 1097 ||| DROPPING scroll of blinking.
  1098 | D:2      | 1098 ||| READING scroll of teleportation.
  1195 | D:1      | 1195 ||| Stepping ~*~*~tactically~*~*~ (stealth).
  1258 | D:1      | 1258 ||| SWAPPING to +0 war axe.
  1259 | D:1      | 1259 ||| DROPPING +0 hand axe.
  1451 | D:1      | 1451 ||| READING 3 scrolls labelled LELEICR YSHU.
  1452 | D:1      | 1452 ||| READING 2 scrolls of identify.
  1452 | D:1      | 1452 ||| IDENTIFYING sedimented yellow potion
  1453 | D:1      | 1453 ||| DROPPING potion of berserk rage.
  1467 | D:2      | 1467 ||| STAIRDANCE
  1472 | D:1      | Reached XP level 4. HP: 23/26 MP: 8/8
  2102 | D:2      | 2102 ||| Stepping ~*~*~tactically~*~*~ (stealth).
  2298 | D:3      | Noticed Ijyb
  2301 | D:3      | Paralysed by Ijyb for 4 turns
  2310 | D:3      | Paralysed by Ijyb for 3 turns
  2315 | D:3      | Killed Ijyb
  2451 | D:3      | Reached skill level 5 in Axes
  2523 | D:3      | Found a bloodstained altar of Trog.
  2615 | D:3      | Found Ehelynum's Distillery.
  2623 | D:3      | 2623 ||| BUYING potion of heal wounds (55 gold).
  2623 | D:3      | Bought a potion of heal wounds for 55 gold pieces
  2623 | D:3      | 2623 ||| BUYING potion of heal wounds (55 gold).
  2623 | D:3      | Bought a potion of heal wounds for 55 gold pieces
  2623 | D:3      | 2623 ||| SHOPLISTING potion of heal wounds (55 gold, have
                  | 1).
  2623 | D:3      | 2623 ||| SHOPLISTING potion of might (44 gold, have 1).
  2709 | D:3      | Found a faded altar of an unknown god.
  2775 | D:3      | Found an iron altar of Okawaru.
  2786 | D:3      | Became a worshipper of Warmaster Okawaru
  2895 | D:3      | 2895 ||| UPGRADING to +1 pair of gloves.
  2900 | D:3      | 2900 ||| READING scroll labelled DARPHE PIGU.
  2901 | D:3      | 2901 ||| READING 2 scrolls of identify.
  2901 | D:3      | 2901 ||| IDENTIFYING silvery potion
  2902 | D:3      | 2902 ||| DROPPING potion of attraction.
  2916 | D:4      | Noticed an orc warrior
  2917 | D:4      | 2917 ||| STAIRDANCE
  2921 | D:3      | Slain by an orc warrior

Levels and vault maps discovered:
D:1:      doesnt_arrival_eight_statues, layout_rooms,
          chequers_serial_rivers_small_b
D:2:      layout_basic
D:3:      layout_loops_ring, mainiacjoe_overflow_concentric_impassable,
          trog_three_pillars_becter, hellmonk_ecumenical_altar_heavens_door,
          serial_shops, nicolae_shop_crystal, uniq_ijyb
D:4:      layout_basic, lemuel_crystal_altar, mainiacjoe_overflow_big_doors,
          serial_shops, nicolae_shop_crystal, st_stairs_11

Skill      XL: |  1  2  3  4 |
---------------+-------------+-----
Axes           | 3 4 5 |  5.1
Armour         | 2 |  2.0
Fighting       | |  2.0
Throwing       | |  1.0
Dodging        | |  2.1
Spellcasting   | |  2.0
Translocations | |  2.4

Action                   |  1- 3 |  4- 6 || total
-------------------------+-------+-------++-------
Melee: Hand axe          |    88 |       ||    88
       Kick              |    21 |    17 ||    38
       Peck              |    14 |     4 ||    18
       War axe           |    11 |    51 ||    62
       Punch             |     1 |       ||     1
Throw: Boomerang         |     7 |       ||     7
  Use: Scroll            |     6 |     2 ||     8
       Potion            |     1 |       ||     1
 Stab: Distracted        |     1 |       ||     1
Armor: Leather armour    |    21 |       ||    21
       Plate armour      |    19 |    28 ||    47
Dodge: Dodged            |    49 |     4 ||    53

Table legend:
 A = Non-vault XP
 B = Vault XP
 C = Vault XP percentage of total XP
 D = Non-vault monster count
 E = Vault monster count
 F = Vault count percentage of total count
                 A         B        C        D         E       F
            +---------+---------+-------+---------+---------+-------
      Total |     125 |      36 |  22.4 |      55 |       1 |   1.8
            +---------+---------+-------+---------+---------+-------
        D:1 |      52 |       0 |   0.0 |      28 |       0 |   0.0
        D:2 |      42 |       0 |   0.0 |      16 |       0 |   0.0
        D:3 |      31 |      36 |  53.7 |      11 |       1 |   8.3
            +---------+---------+-------+---------+---------+-------
